 Dungeon Crawl Stone Soup version 0.20.0-8-g6b59dc7 (webtiles) character file.

130 greprep the Sneak (level 4, -5/21 HPs)
             Began as a Spriggan Enchanter on June 2, 2017.
             Killed from afar by an orc wizard (8 damage)
             ... with a magic dart
             ... on level 3 of the Dungeon.
             The game lasted 00:06:15 (3104 turns).

greprep the Sneak (Spriggan Enchanter)              Turns: 3104, Time: 00:06:16

Health: -5/21      AC:  2    Str:  4    XL:     4   Next: 89%
Magic:  1/9        EV: 20    Int: 16    God:
Gold:   149        SH:  0    Dex: 17    Spells: 3/9 levels left

rFire    . . .     SeeInvis +   a - +1 dagger
rCold    . . .     Gourm    .   (shield restricted)
rNeg     . . .     Faith    .   b - +0 robe
rPois    .         Spirit   .   (helmet restricted)
rElec    .         Reflect  .   (no cloak)
rCorr    .         Harm     .   (gloves unavailable)
MR       .....                  (boots unavailable)
Stlth    +++.......             (no amulet)
Regen    0.1/turn               o - ring of wizardry
MPRegen  0.2/turn               (no ring)

@: very quick
A: unfitting armour, see invisible, herbivore 3, speed 3, slow metabolism 2
a: no special abilities


You were on level 3 of the Dungeon.
You were not hungry.

You visited 1 branch of the dungeon, and saw 3 of its levels.

You collected 149 gold pieces.

Inventory:

Hand Weapons
 a - a +1 dagger (weapon)
Armour
 b - a +0 robe (worn)
Jewellery
 o - a ring of wizardry (left hand)
Scrolls
 e - a scroll of recharging {unknown}
 h - 4 scrolls of identify {unknown}
 i - 3 scrolls of remove curse {unknown}
 j - a scroll of fog {unknown}
 k - a scroll of magic mapping {unknown}
 l - a scroll of enchant weapon {unknown}
Potions
 g - 2 potions of degeneration {unknown}
 m - a potion of heal wounds {unknown}
Books
 c - a book of Maledictions

   Spells                             Type                      Level
   a - Corona                         Hexes                        1
   b - Ensorcelled Hibernation        Hexes/Ice                    2
   c - Confuse                        Hexes                        3
   d - Tukima's Dance                 Hexes                        3
   e - Dazzling Spray                 Conjuration/Hexes            3
Comestibles
 d - 3 bread rations
 f - 5 fruits
 n - a royal jelly


   Skills:
 + Level 0.2 Fighting
 * Level 2.3 Short Blades
 * Level 4.4 Dodging
 * Level 6.1 Stealth
 + Level 3.1 Spellcasting
 + Level 3.9 Hexes
 + Level 0.5 Ice Magic


You had 3 spell levels left.
You knew the following spells:

 Your Spells              Type           Power        Failure   Level  Hunger
a - Corona                Hex            ###....      1%          1    None
b - Ensorcelled Hibernat  Hex/Ice        #.....       4%          2    ##.....
c - Confuse               Hex            ###.....     4%          3    ###....


Dungeon Overview and Level Annotations

Branches:
Dungeon (3/15)

Altars:


Innate Abilities, Weirdness & Mutations

You are very small and have problems with some larger weapons.
You are too small for most types of armour.
You have supernaturally acute eyesight. (SInv)
You are a herbivore.
You cover ground extremely quickly.
You need consume almost no food.


Message History

The helpless orc fails to defend itself.
You impale the orc!!
You kill the orc!
You barely miss the orc wizard.
The orc wizard shouts!
The orc shouts!
The orc wizard points at you and mumbles some strange words.
The magic dart hits you!
You hit the orc wizard but do no damage.
The orc wizard hits you but does no damage.
You hit the orc wizard.
The orc wizard is lightly wounded.
The orc wizard hits you but does no damage.
You hit the orc wizard but do no damage.
The orc wizard is lightly wounded.
The orc wizard casts a spell at you. The magic dart hits you!
* * * LOW HITPOINT WARNING * * *
The orc wizard points at you and mumbles some strange words.
The magic dart hits you!
You die...

#...# #..#.##...# ..#
#...# #..#.##...# #
##### #..#.##..## .
.....##..# ..
#....##..# ..
#....##..###.#
.....oo......#..
###..##.........
.....##@.##.##..
#####.##..##.##..
#.....)..........
###.#####<###.##.##..
..........†..........
....#####.###.##.....
# #.# .... .#.. ...
.........
##.##.###..#..


You could see an orc wizard.

Vanquished Creatures
  An orc wizard (D:3)
  2 adders (D:2)
  3 worms (D:2)
  2 dart slugs
  2 leopard geckos
  An orc (D:3)
  A ball python (D:2)
  6 giant cockroaches
  4 goblins
  5 hobgoblins
  4 jackals (D:2)
  6 bats
  14 frilled lizards
  7 kobolds
  A leopard gecko skeleton (D:1)
  18 rats
77 creatures vanquished.

Notes
Turn   | Place    | Note
-------+----------+-------------------------------------------
     0 | D:1      | greprep the Spriggan Enchanter began the quest for the Orb.
     0 | D:1      | Reached XP level 1. HP: 9/9 MP: 5/5
   250 | D:1      | Reached XP level 2. HP: 13/13 MP: 6/6
   363 | D:1      | Learned a level 2 spell: Ensorcelled Hibernation
   415 | D:1      | Reached skill level 5 in Stealth
  1255 | D:1      | Reached XP level 3. HP: 14/16 MP: 8/8
  1823 | D:2      | Learned a level 3 spell: Confuse
  1959 | D:2      | Reached XP level 4. HP: 10/21 MP: 4/9
  3078 | D:3      | Reached skill level 6 in Stealth
  3104 | D:3      | Killed from afar by an orc wizard

Skill      XL: |  1  2  3  4 |
---------------+-------------+-----
Stealth        | 5 6 |  6.1
Spellcasting   | 3 |  3.1
Short Blades   | 2 |  2.3
Dodging        | 4 |  4.4
Fighting       | |  0.2
Hexes          | |  3.9
Ice Magic      | |  0.5

Action                   |  1- 3 |  4- 6 || total
-------------------------+-------+-------++-------
Melee: Dagger            |   200 |   108 ||   308
 Cast: Ensorcelled Hiber |    14 |    16 ||    30
 Stab: Sleeping          |    22 |     8 ||    30
  Eat: Royal jelly       |       |     1 ||     1
Armor: Robe              |    16 |    22 ||    38
Dodge: Dodged            |   166 |    89 ||   255
